 Dungeon Crawl Stone Soup version 0.26-a0-663-g36e8fdb655 (webtiles) character file.

Game seed: 15019367481748408915

39 Kraken2834 the Chopper (level 3, -3/34 HPs)
             Began as a Minotaur Berserker on Oct 12, 2020.
             Was a Believer of Trog.
             Killed from afar by a worm (28 damage)
             ... with an exploding inner flame
             ... hexed by the player character
             ... on level 2 of the Dungeon.
             The game lasted 00:04:31 (1099 turns).

Kraken2834 the Chopper (Minotaur Berserker)         Turns: 1099, Time: 00:04:36

Health: -3/34      AC:  2    Str: 22    XL:     3   Next: 26%
Magic:  2/2        EV: 12    Int:  4    God:    Trog [**....]
Gold:   20         SH:  0    Dex:  9    Spells: 2/2 levels left

rFire    . . .     SeeInvis .   a - +0 hand axe
rCold    . . .     Faith    .   (no shield)
rNeg     . . .     Spirit   .   b - +0 animal skin
rPois    +         Reflect  .   (helmet restricted)
rElec    .         Harm     .   (no cloak)
rCorr    .         Rampage  .   (no gloves)
MR       .....                  (no boots)
Stlth    +.........             (no amulet)
HPRegen  0.11/turn              c - ring of poison resistance
MPRegen  0.08/turn              (no ring)

@: no status effects
A: retaliatory headbutt, horns 2
a: Berserk, Trog's Hand, Renounce Religion


You were on level 2 of the Dungeon.
You worshipped Trog.
Trog was pleased with you.
You visited 1 branch of the dungeon, and saw 2 of its levels.

You collected 20 gold pieces.

Inventory:

Hand Weapons
 a - a +0 hand axe (weapon)
Armour
 b - a +0 animal skin (worn)
Jewellery
 c - a ring of poison resistance (left hand)


   Skills:
 + Level 4.4 Fighting
 + Level 4.5 Axes
 - Level 2.5 Armour
 - Level 2.3 Dodging


You had 2 spell levels left.
You didn't know any spells.
Your spell library was empty.

Dungeon Overview and Level Annotations

Branches:
Dungeon (2/15)

Altars:


Innate Abilities, Weirdness & Mutations

You reflexively headbutt those who attack you in melee.
You have a pair of horns on your head.


Message History

You barely miss the worm.
The worm is heavily wounded.
The worm bites you!
You slash the worm!
You kill the worm!
Trog accepts your kill.
You see here a worm corpse.
You see here a scroll labeled IFOUGEIREA.
d - a scroll labeled IFOUGEIREA
As you read the scroll labeled IFOUGEIREA, it crumbles to dust.
The creatures around you are filled with an inner flame!
It was a scroll of immolation.
You completely miss the worm. You slash the worm!
Flame seeps out of the worm. x2; You headbutt the worm.
The worm is severely wounded.
The worm is engulfed in blazing flames.
The worm explodes!
The fiery explosion engulfs you!!
Ouch! That really hurt!
You die...

.###### ####
......#+##....
#..).......(..
#.............
#....§§.......
###....@○§.....
.......§§§...##
##....#....(.#
..≈...#......#
≈≈≈≈. #......#
###≈≈≈##....##
........<..#
############


There were no monsters in sight!

Vanquished Creatures
  An ooze (D:1)
  A worm (D:2)
  A dart slug (D:1)
  4 leopard geckos (D:1)
  3 bats (D:1)
  3 goblins (D:1)
  2 hobgoblins (D:1)
  5 kobolds (D:1)
  2 ball pythons (D:1)
  A frilled lizard (D:1)
  4 rats (D:1)
27 creatures vanquished.

Notes
Turn   | Place    | Note
-------+----------+-------------------------------------------
     0 | D:1      | Kraken2834 the Minotaur Berserker began the quest for the
                  | Orb.
     0 | D:1      | Reached XP level 1. HP: 19/19 MP: 0/0
   364 | D:1      | Reached XP level 2. HP: 27/27 MP: 1/1
   693 | D:1      | Reached XP level 3. HP: 29/33 MP: 2/2
   755 | D:1      | Reached ** piety under Trog
  1099 | D:2      | Killed from afar by a worm

Illustrated notes

Levels and vault maps discovered:
D:1:      heliophobic_arrival_henge, layout_loops_corners
D:2:      layout_basic, lemuel_crystal_altar, nicolae_overflow_hidden_temple,
          lemuel_round_altar, serial_rivers, chequers_serial_rivers_large_a,
          chequers_serial_rivers_micro_e, chequers_serial_rivers_room_a,
          chequers_serial_rivers_small_a, chequers_serial_rivers_small_b,
          dk_noncrumbling_3

Skill      XL: |  1  2 |
---------------+-------+-----
Axes           | 4 |  4.5
Fighting       | 4 |  4.4
Armour         | |  2.5
Dodging        | |  2.3

Action                   || total
-------------------------++-------
Melee: Hand axe          ||    56
       Headbutt          ||     9
  Use: Scroll            ||     3
Armor: Animal skin       ||     7
Dodge: Dodged            ||    39

Table legend: (Time is in decaauts)
 A = Elapsed time spent in this place.
 B = Non-inter-level travel time spent in this place.
 C = Inter-level travel time spent in this place.
 D = Time resting spent in this place.
 E = Time spent auto-exploring this place.
 F = Levels seen in this place.
 G = Mean time per level.
                   A        B        C        D        E       F      G
               +--------+--------+--------+--------+--------+-----+--------+
         Total |   1103 |   1077 |     26 |    206 |    698 |   2 |  551.5 |
       Dungeon |   1103 |   1077 |     26 |    206 |    698 |   2 |  551.5 |
               +--------+--------+--------+--------+--------+-----+--------+

Top non-repeatable levels by time:
     D:1: 1089 daAuts
     D:2: 14 daAuts
